 Dungeon Crawl Stone Soup version 0.29.1-15-g9cfb28693d (webtiles) character file.

Game seed: 422514411716198027

130700 devnull the Severer (level 17, -2/213 HPs)
             Began as a Human Gladiator on Feb 25, 2023.
             Was a High Priest of Trog.
             Succumbed to poison (poison gas)
             ... on level 4 of the Swamp.
             The game lasted 01:40:58 (24413 turns).

devnull the Severer (Human Gladiator)              Turns: 24413, Time: 01:40:58

Health: -2/213     AC: 35    Str: 23    XL:     17   Next: 65%
Magic:  1/17       EV:  8    Int:  9    God:    Trog [*****.]
Gold:   1433       SH:  0    Dex: 14    Spells: 16/16 levels left

rFire   . . .      SeeInvis .   a - +8 frozen axe "Frostbite" {freezing cloud, *Noise Fly rC+}
rCold   + . .      Faith    .   (shield currently unavailable)
rNeg    . . .      Spirit   +   S - +8 plate armour of Daffodils {+Blink Dex-4 Slay+2}
rPois   .          Reflect  .   (helmet restricted)
rElec   +          Harm     .   B - +2 cloak
rCorr   +          Rampage  +   (no gloves)
Will    +++..                   y - +2 pair of boots of Mohuf {Rampage rElec Dex+4}
Stlth   ..........              V - amulet of Vuett {Spirit +Blink Slay+5}
HPRegen 1.45/turn               H - +4 ring of protection
MPRegen 0.15/turn               E - ring of resist corrosion

@: berserking (expiring), lethally poisoned (-2 -> -33), strong-willed, flying,
regenerating, very quick
A: hooves 1, horns 1
a: Renounce Religion, Evoke Blink, Berserk, Trog's Hand, Brothers in Arms


You were on level 4 of the Swamp.
You worshipped Trog.
Trog was extremely pleased with you.
You visited 5 branches of the dungeon, and saw 25 of its levels.
You visited the Abyss 2 times.
You also visited: Sewer, Bailey and Volcano.

You collected 2162 gold pieces.
You spent 729 gold pieces at shops.

Inventory:

Hand Weapons
 a - the +8 frozen axe "Frostbite" (weapon) {freezing cloud, *Noise Fly rC+}
   (You found it on level 10 of the Dungeon)

   It freezes those it strikes, dealing additional cold damage.
   It can also slow down cold-blooded creatures.
   It occasionally leaves clouds of freezing vapour upon striking a foe.
   It grants immunity to clouds of freezing vapour.
   rC:        It protects you from cold.
   Fly:       It grants you flight.
   *Noise:    It may make noises in combat.
 b - a +0 broad axe of flaming
 e - the +6 hand axe "Suqok" {flame, *Slow rPois Int+5}
   (You found it on level 2 of the Swamp)

   It burns those it strikes, dealing additional fire damage.
   Big, fiery blades are also staple armaments of hydra-hunters.
   Int:       It affects your intelligence (+5).
   rPois:     It protects you from poison.
   *Slow:     It may slow you when you take damage.
Missiles
 d - 4 throwing nets
 l - 71 poisoned darts
 u - 12 curare-tipped darts
 J - 13 boomerangs (quivered)
 Z - 3 boomerangs of dispersal
Armour
 y - the +2 pair of boots of Mohuf (worn) {Rampage rElec Dex+4}
   (You found it on level 7 of the Dungeon)

   Dex:       It affects your dexterity (+4).
   rElec:     It insulates you from electricity.
   Rampage:   It bestows one free step when moving towards enemies.
 A - a +0 tower shield of fire resistance {@W1 @T1}
 B - a +2 cloak (worn)
 S - the +8 plate armour of Daffodils (worn) {+Blink Dex-4 Slay+2}
   (You found it on level 5 of the Lair of Beasts)

   Dex:       It affects your dexterity (-4).
   Slay:      It affects your accuracy & damage with ranged weapons and melee
   (+2).
   +Blink:    It lets you blink.
Jewellery
 f - a ring of see invisible
 p - an amulet of regeneration
 q - an amulet of reflection
 t - the ring of Quimyiloidgh {rPois rF+ Int+5 Dex-5}
   (You found it on level 3 of the Dungeon)

   [ring of poison resistance]

   Int:       It affects your intelligence (+5).
   Dex:       It affects your dexterity (-5).
   rF:        It protects you from fire.
   rPois:     It protects you from poison.
 w - the ring of Kaugaz {MP+9 Dex-3 Slay+4 SInv}
   (You found it on level 5 of the Lair of Beasts)

   [ring of slaying]

   Dex:       It affects your dexterity (-3).
   Slay:      It affects your accuracy & damage with ranged weapons and melee
   (+4).
   MP:        It affects your magic capacity (+9).
   SInv:      It lets you see invisible.
 E - a ring of resist corrosion (right hand)
 H - a +4 ring of protection (left hand)
 R - a ring of willpower
 V - the amulet of Vuett (around neck) {Spirit +Blink Slay+5}
   (You found it on level 1 of the Lair of Beasts)

   [amulet of guardian spirit]

   It causes incoming damage to be divided between your reserves of health and
   magic.
   Slay:      It affects your accuracy & damage with ranged weapons and melee
   (+5).
   +Blink:    It lets you blink.
Wands
 i - a wand of light (6)
 n - a wand of iceblast (31)
 s - a wand of paralysis (6)
 C - a wand of digging (6)
 I - a wand of flame (64)
 N - a wand of mindburst (28)
Scrolls
 g - 6 scrolls of fear
 h - 10 scrolls of teleportation
 j - 3 scrolls of enchant armour
 m - 3 scrolls of magic mapping
 x - 2 scrolls of butterflies
 G - 2 scrolls of brand weapon
 K - 4 scrolls of torment
 T - a scroll of summoning
 U - a scroll of enchant weapon
 W - 2 scrolls of blinking
Potions
 c - 4 potions of haste
 o - 11 potions of curing
 r - 2 potions of cancellation
 v - 5 potions of might
 z - 9 potions of heal wounds
 F - 4 potions of invisibility
 M - 2 potions of attraction
 O - 5 potions of mutation
 P - a potion of experience {unknown}
 Q - 2 potions of resistance
 X - a potion of ambrosia {unknown}
 Y - a potion of degeneration {unknown}
Miscellaneous
 D - a lightning rod (4/4)


   Skills:
 - Level 15.0 Fighting
 - Level 18.7 Axes
 + Level 13.8 Throwing
 - Level 13.2 Armour
 - Level 3.0 Dodging
 - Level 8.0 Shields
 - Level 5.0 Evocations


You had 16 spell levels left.
You didn't know any spells.
Your spell library was empty.

Dungeon Overview and Level Annotations

Branches:
Dungeon (13/15)            Temple (1/1) D:7            Lair (5/5) D:11
  Swamp (4/4) Lair:3        Snake (0/4) Lair:3        Slime (0/5) Lair:5
    Orc (2/2) D:10            Elf (0/3) Orc:2         Sewer (visited)
 Bailey (visited)         Volcano (visited)
 Vaults: D:13-14

Altars:
Ashenzari
Cheibriados
Dithmenos
Elyvilon
Fedhas
Gozag
Hepliaklqana
Kikubaaqudgha
Makhleb
Nemelex Xobeh
Okawaru
Qazlal
Ru
Sif Muna
Trog
Uskayaw
Vehumet
Wu Jian
Xom
Yredelemnul
Zin
The Shining One
Jiyva

Shops:
D:5 *   Orc:2 !=?=


Innate Abilities, Weirdness & Mutations

You have large cloven feet.
You have a pair of small horns on your head.


Message History

A swamp drake comes into view.
You slice the swamp dragon!! You freeze the swamp dragon!
The swamp dragon is heavily wounded.
You closely miss the bog body.
You are engulfed in poison gas.
You are more poisoned.
* * * LOW HITPOINT WARNING * * *
You feel very sick.
The bog body points at you and mumbles some strange words.
The bolt of cold misses you.
You slice the swamp dragon!! You freeze the swamp dragon.
You kill the swamp dragon!
Trog accepts your kill.
You slash the bog body! You freeze the bog body.
You are engulfed in poison gas.
You are more poisoned.
You feel very sick.
You closely miss the bog body. Your headbutt misses the bog body.
The bog body is heavily damaged.
You are engulfed in poison gas.
You are lethally poisoned!
* * * LOW HITPOINT WARNING * * *
You feel extremely sick. The bog body touches you!
* * * LOW HITPOINT WARNING * * *
The bog body freezes you! You resist.
* * * LOW HITPOINT WARNING * * *
You are too berserk!
* * * LOW HITPOINT WARNING * * *
You feel extremely sick.
You are too berserk!
You are too berserk!
You are too berserk!
You are too berserk!
You are too berserk!
You are too berserk!
You are too berserk!
You are too berserk!
Okay, then.
You are too berserk!
You feel a strong urge to attack something.
You die...

♣♣♣ ♣♣ ♣♣♣♣♣♣♣♣
♣♣♣♣♣~♣♣♣♣♣
~~♣♣~<♣♣.~♣♣♣~~.~~~.~~♣♣
....~~...~♣†..~.@~~~~~.♣♣
~..........~~~~.°~~~~..~♣
~..~~~.~~.)~~§~~°~[~~.♣♣♣
.~~~~~~~~~~~†§~~○~n~~.♣
~~~~~~~~~.~~~..○○~.☼~~~.~
~~~~~§~~...~~.~~~~.....~~
.~~.~~~~~~...~~~~~§.♣..~~
~~~~§~.~~§~~~.~~~~~k♣♣~.§
~~~....~~~.~~~~~~~~.♣ ♣.~


You could see a bog body and a swamp drake.

Vanquished Creatures
  Mlioglotl (Swamp:1)
  2 tentacled starspawn (Abyss:1)
  Donald (Orc:2)
  A thorn hunter (Swamp:3)
  Kirke (Lair:3)
  Gastronok (D:12)
  2 fenstrider witches
  A cacodemon (Abyss:1)
  A balrug (Abyss:1)
  A very ugly thing (Abyss:1)
  3 eleionomae
  Nessos (Orc:2)
  A bunyip (Swamp:2)
  A shambling mangrove (Swamp:2)
  Josephine (Orc:1)
  Fannar (Orc:1)
  3 boulder beetles
  A ghost crab (Swamp:2)
  3 alligators
  A catoblepas (Lair:4)
  10 hydras
  15 two-headed ogres
  4 ogre magi (Orc:2)
  8 death yaks (Lair:5)
  A deep troll shaman (Lair:5)
  3 thrashing horrors (Abyss:1)
  2 sun demons (Abyss:1)
  A wretched star (Abyss:1)
  Sonja (Orc:1)
  3 sixfirhies (Abyss:1)
  6 goliath frogs
  5 skeletal warriors (D:12)
  6 bog bodies
  4 swamp dragons
  2 spriggan druids
  Pikel (D:8)
  An ugly thing (D:10)
  5 will-o-the-wisps
  A salamander (Volcano)
  5 large abominations (Abyss:1)
  A manticore (D:12)
  A worldbinder (Abyss:1)
  22 elephants
  A cyclops (D:11)
  9 black mambas
  Joseph (Lair:1)
  A torpor snail (Lair:1)
  2 gargoyles (D:12)
  15 cane toads
  A smoke demon (Abyss:1)
  4 rime drakes
  An orange demon (Abyss:1)
  2 unseen horrors
  A kobold demonologist (D:10)
  A freezing wraith (Abyss:1)
  2 komodo dragons (Lair:5)
  An anaconda simulacrum (Abyss:1)
  2 hellwings (Abyss:1)
  9 trolls
  An ancient zyme (Abyss:1)
  5 polar bears
  8 tyrant leeches
  A bloated husk (Swamp:3)
  9 hornets
  3 raiju (Abyss:1)
  11 slime creatures
  10 blink frogs
  Grinder (D:3)
  7 dream sheep (Lair:4)
  A flying skull (Abyss:1)
  9 spriggans
  6 wraiths
  3 ynoxinuls (Abyss:1)
  A shadow (D:12)
  5 basilisks
  4 wyverns
  2 hogs (Lair:3)
  61 yaks
  A water elemental (D:11)
  A golden eye (Abyss:1)
  2 fire bats
  A neqoxec (Abyss:1)
  A human (shapeshifter) (Abyss:1)
  5 steam dragons
  3 vampire mosquitoes (Swamp:1)
  A warg (D:10)
  5 nagas (Lair:3)
  16 swamp worms
  8 water moccasins
  7 small abominations (Abyss:1)
  4 hell hounds (Volcano)
  Duvessa (D:5)
  2 swamp drakes
  13 orc warriors
  2 sky beasts
  An ice beast (D:4)
  3 black bears
  25 ogres
  11 wolves
  6 centaurs
  A lemure (D:8)
  7 kobold brigands
  3 gnoll sergeants
  2 necrophages (D:5)
  15 bullfrogs
  3 scorpions
  5 wights (D:6)
  Dowan (D:5)
  7 electric eels
  8 starcursed masses (Abyss:1)
  2 iron imps (Abyss:1)
  3 jellies
  9 orc priests
  Crazy Yiuf (D:3)
  7 hounds
  Jessica (D:2)
  2 iguanas
  Natasha (twice) (D:2)
  17 orc wizards
  35 gnolls
  10 adders
  A river rat (Sewer)
  A shadow imp (Abyss:1)
  3 white imps (Abyss:1)
  4 ufetubi (Abyss:1)
  11 worms
  A dart slug (D:3)
  67 orcs
  10 ball pythons
  9 endoplasms
  5 giant cockroaches
  8 goblins
  7 hobgoblins
  6 jackals
  33 kobolds
  3 quokkas
  2 bats (D:1)
  5 frilled lizards
  6 rats
  2 bushes (Lair:4)
  4 starspawn tentacles (Abyss:1)
785 creatures vanquished.

Vanquished Creatures (collateral kills)
  A catoblepas (Lair:5)
  A death yak (Lair:5)
  A lindwurm (Lair:5)
3 creatures vanquished.

Vanquished Creatures (others)
  A bloated husk (Swamp:2)
  An ogre (Orc:2)
  An orc (D:9)
  4 bushes
  26 foxfires
  47 fungi
  67 plants
  4 starspawn tentacles (Abyss:1)
151 creatures vanquished.

Grand Total: 939 creatures vanquished

Notes
Turn   | Place    | Note
-------+----------+-------------------------------------------
     0 | D:1      | devnull the Human Gladiator began the quest for the Orb.
     0 | D:1      | Reached XP level 1. HP: 16/16 MP: 1/1
   119 | D:1      | Reached XP level 2. HP: 23/23 MP: 2/2
   531 | D:1      | Reached XP level 3. HP: 27/28 MP: 3/3
   853 | D:1      | Found a faded altar of an unknown god.
   862 | D:1      | Prayed at the altar of an unknown god.
   862 | D:1      | Became a worshipper of Trog the Wrathful
   862 | D:1      | Reached * piety under Trog
  1214 | D:2      | Noticed Jessica
  1218 | D:2      | Killed Jessica
  1219 | D:2      | Reached skill level 4 in Axes
  1219 | D:2      | Reached XP level 4. HP: 35/35 MP: 4/4
  1333 | D:2      | Noticed Natasha
  1341 | D:2      | Killed Natasha
  1481 | D:2      | Reached XP level 5. HP: 37/42 MP: 5/5
  1785 | D:2      | Found a glowing golden altar of the Shining One.
  1849 | D:2      | Noticed Natasha
  1858 | D:2      | Killed Natasha
  2043 | D:3      | Reached ** piety under Trog
  2070 | D:3      | Identified the ring of Quimyiloidgh {rPois rF+ Int+5 Dex-5}
  2077 | D:3      | Reached XP level 6. HP: 28/49 MP: 6/6
  2091 | D:3      | Reached skill level 5 in Axes
  2119 | D:3      | Found a glowing drain.
  2171 | Sewer    | Entered a sewer
  2348 | Sewer    | Reached skill level 5 in Fighting
  2348 | Sewer    | Reached XP level 7. HP: 55/56 MP: 7/7
  2764 | D:3      | Noticed Grinder
  2766 | D:3      | Paralysed by Grinder for 3 turns
  2787 | D:3      | Killed Grinder
  2788 | D:3      | Reached skill level 6 in Axes
  2985 | D:3      | Found a runed translucent door.
  2986 | D:3      | Noticed Crazy Yiuf
  3045 | D:3      | Killed Crazy Yiuf
  3296 | D:3      | Reached *** piety under Trog
  3595 | D:4      | Reached XP level 8. HP: 51/64 MP: 8/8
  3721 | D:4      | Reached skill level 7 in Axes
  4120 | D:4      | Found a bloodstained altar of Trog.
  4129 | D:4      | Found a broken altar of Ashenzari.
  4361 | D:5      | Entered Level 5 of the Dungeon
  4637 | D:5      | Found Idwet's General Store.
  4949 | D:5      | Noticed Duvessa
  4952 | D:5      | Noticed Dowan
  4963 | D:5      | Killed Duvessa
  4964 | D:5      | Reached skill level 8 in Axes
  4964 | D:5      | Reached XP level 9. HP: 73/73 MP: 9/9
  4970 | D:5      | Killed Dowan
  5538 | D:6      | Reached skill level 9 in Axes
  5665 | D:6      | Reached skill level 1 in Evocations
  6492 | D:7      | Reached skill level 5 in Evocations
  6492 | D:7      | Reached XP level 10. HP: 78/82 MP: 10/10
  6506 | D:7      | Identified the +2 pair of boots of Mohuf {Rampage rElec
                  | Dex+4}
  6566 | D:7      | Reached skill level 5 in Throwing
  6566 | D:7      | Reached skill level 1 in Armour
  6942 | D:7      | Noticed an unseen horror
  6965 | D:7      | Killed an unseen horror
  7115 | D:7      | Found a staircase to the Ecumenical Temple.
  7122 | Temple   | Entered the Ecumenical Temple
  7889 | D:8      | Reached skill level 5 in Armour
  7995 | D:8      | Reached skill level 1 in Shields
  8001 | D:8      | Noticed Pikel
  8036 | D:8      | Killed Pikel
  8610 | D:8      | Reached XP level 11. HP: 83/87 MP: 11/11
  8779 | D:9      | Reached **** piety under Trog
  8796 | D:9      | Reached skill level 5 in Shields
  8911 | D:9      | Found a flagged portal.
  8920 | Bailey   | Entered a bailey
  9954 | D:10     | Entered Level 10 of the Dungeon
 10126 | D:10     | Noticed a brown ugly thing
 10145 | D:10     | Killed a brown ugly thing
 10216 | D:10     | Found the +8 frozen axe "Frostbite" {freezing cloud, *Noise
                  | Fly rC+}
 10292 | D:10     | Noticed a two-headed ogre
 10304 | D:10     | Killed a two-headed ogre
 10420 | D:10     | Found a staircase to the Orcish Mines.
 11146 | D:11     | Noticed a boulder beetle
 11163 | D:11     | Killed a boulder beetle
 11164 | D:11     | Reached skill level 10 in Axes
 11164 | D:11     | Reached XP level 12. HP: 90/94 MP: 12/12
 11303 | D:11     | Found a staircase to the Lair.
 11435 | D:11     | Reached skill level 11 in Axes
 11557 | D:11     | Noticed a boulder beetle
 11571 | D:11     | Killed a boulder beetle
 11572 | D:11     | Reached skill level 12 in Axes
 11889 | D:12     | Noticed a boulder beetle
 11901 | D:12     | Killed a boulder beetle
 12081 | D:12     | Noticed Gastronok
 12091 | D:12     | Killed Gastronok
 12092 | D:12     | Reached skill level 13 in Axes
 12273 | D:12     | Reached XP level 13. HP: 91/101 MP: 13/13
 12589 | Lair:1   | Entered Level 1 of the Lair of Beasts
 12610 | Lair:1   | Noticed a six-headed hydra
 12616 | Lair:1   | Killed a seven-headed hydra
 12617 | Lair:1   | Reached skill level 10 in Fighting
 12775 | Lair:1   | Identified the amulet of Vuett {Spirit +Blink Slay+5}
 12802 | Lair:1   | Noticed Joseph
 12811 | Lair:1   | Killed Joseph
 12884 | Lair:1   | Reached skill level 14 in Axes
 13696 | Lair:2   | Noticed a six-headed hydra
 13708 | Lair:2   | Killed a nine-headed hydra
 13709 | Lair:2   | Reached skill level 10 in Armour
 13868 | Lair:2   | Noticed an eight-headed hydra
 13874 | Lair:2   | Killed a nine-headed hydra
 13954 | Lair:2   | Noticed a five-headed hydra
 13962 | Lair:2   | Killed a six-headed hydra
 14112 | Lair:2   | Reached XP level 14. HP: 109/113 MP: 14/14
 14291 | Lair:3   | Found a staircase to the Swamp.
 14299 | Lair:3   | Reached ***** piety under Trog
 14305 | Lair:3   | Noticed Kirke
 14313 | Lair:3   | Killed Kirke
 14609 | Lair:3   | Found a staircase to the Snake Pit.
 15133 | Lair:4   | Reached skill level 15 in Axes
 15933 | Lair:5   | Entered Level 5 of the Lair of Beasts
 16172 | Lair:5   | Identified the +8 plate armour of Daffodils {+Blink Dex-4
                  | Slay+2}
 16428 | Lair:5   | Reached XP level 15. HP: 122/122 MP: 15/15
 16437 | Lair:5   | Received a gift from Trog
 16735 | Lair:5   | Reached skill level 16 in Axes
 16753 | Lair:5   | Identified the ring of Kaugaz {MP+9 Dex-3 Slay+4 SInv}
 17383 | Lair:5   | Found a viscous altar of Jiyva.
 17389 | Lair:5   | Found a staircase to the Slime Pits.
 17644 | Orc:1    | Entered Level 1 of the Orcish Mines
 17774 | Orc:2    | Entered Level 2 of the Orcish Mines
 17774 | Orc:2    | Found a staircase to the Elven Halls.
 17791 | Orc:2    | Found a dark tunnel.
 17796 | Volcano  | Entered a volcano
 18399 | Orc:2    | Found Aschumopp's Jewellery Shop.
 18399 | Orc:2    | Found Revan's Magic Scroll Emporium.
 18414 | Abyss:1  | Cast into level 1 of the Abyss (orc warrior)
 18625 | Abyss:1  | Noticed a cacodemon
 18631 | Abyss:1  | Killed a cacodemon
 18632 | Abyss:1  | Reached XP level 16. HP: 127/133 MP: 16/16
 18679 | Abyss:1  | Paralysed by accursed screaming for 2 turns
 18686 | Abyss:1  | Paralysed by accursed screaming for 2 turns
 18689 | Abyss:1  | Paralysed by accursed screaming for 2 turns
 18813 | Abyss:1  | Noticed a tentacled starspawn
 18823 | Abyss:1  | Killed a tentacled starspawn
 18824 | Abyss:1  | Reached skill level 17 in Axes
 18858 | Abyss:1  | Gained mutation: You have hidden genetic defects. [a
                  | neqoxec]
 18860 | Abyss:1  | Gained mutation: Armour fits poorly on your strangely
                  | shaped body. [a neqoxec]
 18866 | Orc:2    | Escaped the Abyss
 18869 | Orc:2    | Noticed Donald
 19094 | Orc:2    | Noticed Nessos
 19101 | Orc:2    | Killed Donald
 19438 | Orc:1    | Gained mutation: You are occasionally teleported next to
                  | monsters. [hidden defects]
 19798 | Orc:2    | Killed Nessos
 19798 | Abyss:1  | Cast into level 1 of the Abyss (orc warrior)
 19799 | Abyss:1  | Reached skill level 15 in Fighting
 19825 | Abyss:1  | Noticed a tentacled starspawn
 19837 | Abyss:1  | Killed a tentacled starspawn
 19885 | Abyss:1  | Reached skill level 18 in Axes
 19975 | Orc:2    | Escaped the Abyss
 19977 | Orc:2    | Gained mutation: You are clumsy. (Dex -2) [hidden defects]
 19977 | Orc:2    | Lost mutation: You have hidden genetic defects. [hidden
                  | defects expressed]
 19985 | Orc:2    | Lost mutation: You are occasionally teleported next to
                  | monsters. [potion of mutation]
 19985 | Orc:2    | Lost mutation: Armour fits poorly on your strangely shaped
                  | body. [potion of mutation]
 19985 | Orc:2    | Lost mutation: You are clumsy. (Dex -2) [potion of
                  | mutation]
 19985 | Orc:2    | Gained mutation: You have a pair of small horns on your
                  | head. [potion of mutation]
 19985 | Orc:2    | Gained mutation: You have large cloven feet. [potion of
                  | mutation]
 20035 | Orc:2    | Found Niluan's Distillery.
 20035 | Orc:2    | Found Hantauj's Jewellery Emporium.
 20042 | Orc:2    | Bought a scroll of blinking for 105 gold pieces
 20042 | Orc:2    | Bought a scroll of identify for 28 gold pieces
 20042 | Orc:2    | Bought a scroll of identify for 28 gold pieces
 20042 | Orc:2    | Bought a scroll of identify for 28 gold pieces
 20470 | Orc:2    | Bought a +4 ring of protection for 540 gold pieces
 20557 | Orc:1    | Noticed Sonja
 20563 | Orc:1    | Killed Sonja
 20569 | Orc:1    | Noticed Josephine
 20576 | Orc:1    | Killed Josephine
 20629 | Orc:1    | Noticed Fannar
 20645 | Orc:1    | Killed Fannar
 21071 | Swamp:1  | Entered Level 1 of the Swamp
 21277 | Swamp:1  | Identified a scroll of acquirement
 21277 | Swamp:1  | Acquired a manual of Throwing
 21533 | Swamp:1  | Reached XP level 17. HP: 75/142 MP: 11/17
 22031 | Swamp:1  | Noticed Mlioglotl
 22036 | Swamp:1  | Noticed a tentacled starspawn
 22038 | Swamp:1  | Killed Mlioglotl
 22510 | Swamp:2  | Identified the +6 hand axe "Suqok" {flame, *Slow rPois
                  | Int+5}
 22522 | Swamp:2  | Reached skill level 10 in Throwing
 23422 | Swamp:3  | Noticed a thorn hunter
 23437 | Swamp:3  | Killed a thorn hunter
 24234 | Swamp:4  | Entered Level 4 of the Swamp
 24412 | Swamp:4  | HP: 4/213 [poison (poison gas)]
 24413 | Swamp:4  | Succumbed to poison (poison gas)

Illustrated notes

Levels and vault maps discovered:
D:1:      reono_arrival_mine, layout_loops_ring,
          hellmonk_ecumenical_altar_defaced_shrine,
          chequers_serial_rivers_marsh, corexii_corridor_pit
D:2:      layout_rooms, basic_altar, minmay_misc_feat_diagonals, uniq_jessica,
          uniq_natasha
D:3:      layout_basic, cheibrodos_sewer_entry_bend, uniq_crazy_yiuf_cottage,
          uniq_grinder
D:4:      layout_rooms, mainiacjoe_overflow_swirl, kennysheep_boxes
D:5:      layout_basic, serial_shops, shop, uniq_duvessa
D:6:      layout_cave_pools, reono_crystal_passage, kennysheep_generic_room_2
D:7:      layout_loops_corners, minmay_temple_entry_fiery
D:8:      layout_loops_ring, hangedman_abyss_or_decor_lesser_grid, uniq_pikel
D:9:      layout_rooms, enter_bailey_8
D:10:     lemuel_troll_bridge, layout_long_grid, david_orc_3, nicolae_sextant
D:11:     hellmonk_destroyed_diamonds, layout_loops_ring, erik_lair_island,
          minmay_misc_feat_nine_boxes
D:12:     layout_basic, uniq_gastronok
D:13:     layout_loops_ring, trove_entry_hex_spiral, elyvilon_altar_4
Temple:   mainiacjoe_temple_big_plus
Lair:1:   layout_cave_pods, grunt_megastairs_4, infiniplex_staircase_pool,
          lemuel_fruit_tree, uniq_joseph
Lair:2:   layout_chaotic_city, chequers_serial_rivers_small_b,
          serial_bayou_shore_a, grunt_megastairs_2
Lair:3:   layout_chaotic_city, skrybe_swamp_entry_bodies,
          minmay_snake_entry_guardpost_large, nicolae_quartered_pool_medium,
          uniq_kirke
Lair:4:   hellmonk_ruined_rings, layout_gridlike, nicolae_lair_grazing_beasts
          [nicolae_sub_lair_graze_edge, nicolae_sub_lair_graze_edge,
          nicolae_sub_lair_graze_edge, nicolae_sub_lair_graze_edge]
Lair:5:   grunt_lair_end_beastmaster, layout_long_grid, dpeg_slime_entry_corner,
          grunt_megastairs_5
Swamp:1:  layout_basic_swamp, evilmike_swamp_ruin_wall, uniq_mlioglotl
Swamp:2:  layout_basic_swamp, evilmike_swamp_ruin_house_3,
          infiniplex_staircase_pool_2
Swamp:3:  layout_falls_marsh, evilmike_swamp_ruin_house_1, swamp_pool4
Swamp:4:  grunt_swamp_rune_castle, layout_basic_swamp,
          nicolae_swamp_tree_designs, uniq_louise, uniq_roxanne
Orc:1:    layout_caves, nicolae_orc_pool_cavern, uniq_sonja, uniq_josephine,
          uniq_fannar
Orc:2:    st_orc_ogre_mass, layout_caves, basic_altar, enter_volcano_4,
          uniq_donald, uniq_nessos

Skill      XL: |  1  2  3  4  5  6  7  8  9 10 11 12 13 14 15 16 17 |
---------------+----------------------------------------------------+-----
Fighting       | 3 4 5 6 7 8 9 11 12 14 15 | 15.0
Axes           | 4 5 6 8 9 10 13 14 15 16 18 | 18.7
Evocations     | 5 |  5.0
Throwing       | 5 6 13 | 13.8
Armour         | 5 7 8 10 11 13 | 13.2
Shields        | 4 8 |  8.0
Dodging        | |  3.0

Action                   |  1- 3 |  4- 6 |  7- 9 | 10-12 | 13-15 | 16-18 || total
-------------------------+-------+-------+-------+-------+-------+-------++-------
Melee: War axe           |    43 |   135 |   371 |   516 |       |       ||  1065
       Punch             |       |       |     1 |     3 |       |       ||     4
       Spear             |       |       |       |    23 |       |       ||    23
       Executioner's axe |       |       |       |    92 |   446 |   347 ||   885
       Headbutt          |       |       |       |       |       |    73 ||    73
       Broad axe         |       |       |       |       |       |    33 ||    33
       Hand axe          |       |       |       |       |       |     4 ||     4
Throw: Boomerang         |       |    20 |     1 |       |       |     4 ||    25
       Javelin           |       |     1 |     2 |       |       |       ||     3
       Dart              |       |       |     6 |    16 |       |       ||    22
       Throwing net      |       |       |     1 |       |       |       ||     1
Invok: Berserk           |       |     1 |     6 |     5 |     3 |     4 ||    19
       Trog's Hand       |       |     1 |    11 |    17 |    24 |    21 ||    74
       Brothers in Arms  |       |       |       |       |     1 |     1 ||     2
Evoke: Wand              |       |       |     1 |     2 |    23 |     7 ||    33
  Use: Scroll            |       |     1 |     8 |     7 |     5 |     7 ||    28
       Potion            |       |       |     4 |       |     1 |     5 ||    10
 Stab: Sleeping          |     1 |       |       |       |       |       ||     1
       Paralysed         |       |       |       |     6 |       |     1 ||     7
       Petrified         |       |       |       |       |     7 |       ||     7
       Fleeing           |       |       |       |       |       |     2 ||     2
Armor: Leather armour    |     5 |       |       |       |       |       ||     5
       Ring mail         |     6 |       |       |       |       |       ||     6
       Scale mail        |     6 |    64 |    11 |       |       |       ||    81
       Chain mail        |       |       |   236 |       |       |       ||   236
       Plate armour      |       |       |    14 |   501 |   438 |   443 ||  1396
Dodge: Dodged            |    28 |    88 |   150 |   223 |   192 |   166 ||   847
Block: Buckler           |       |       |       |    66 |       |       ||    66
       Kite shield       |       |       |       |   155 |       |       ||   155
       Tower shield      |       |       |       |       |       |    35 ||    35
